 Dungeon Crawl Stone Soup version 0.30-a0-879-ga8ba668304 (webtiles) character file.

Game seed: 5718891819872601960

5895 bande the Cleaver (level 10, 0/63 HPs)
             Began as a Gargoyle Fighter on Mar 14, 2023.
             Was a Priest of Okawaru.
             Slain by a tengu warrior
             ... wielding a +3 long sword
              (20 damage)
             ... on level 8 of the Dungeon.
             The game lasted 00:16:30 (9300 turns).

bande the Cleaver (Gargoyle Fighter)                Turns: 9300, Time: 00:16:31

Health: 0/63       AC: 25    Str: 20    XL:     10   Next: 82%
Magic:  0/13       EV:  6    Int:  9    God:    Okawaru [***...]
Gold:   303        SH:  7    Dex: 13    Spells: 9/9 levels left

rFire   . . .      SeeInvis .    a - +1 war axe (chaos)
rCold   . . .      Faith    .    c - +1 buckler
rNeg    + . .      Spirit   +    m - +0 plate armour
rPois   ∞          Reflect  .    (no helmet)
rElec   +          Rampage  .    h - +0 cloak {Will+}
rCorr   .                        (no gloves)
Will    +....                    (no boots) Stlth
                                 q - amulet of guardian spirit
HPRegen 0.30/turn                b - +4 ring of protection
MPRegen 0.13/turn                (no ring)

@: no status effects
A: sickness immunity, AC +7, negative energy resistance 1, electricity
resistance, torment resistance 1, petrification resistance
a: Renounce Religion, Heroism


You were on level 8 of the Dungeon.
You worshipped Okawaru.
Okawaru was most pleased with you.
You visited 2 branches of the dungeon, and saw 10 of its levels.

You collected 464 gold pieces.
You spent 161 gold pieces at shops.

Inventory:

Hand Weapons
 a - a +1 war axe of chaos (weapon)
 p - a +0 war axe
 w - a +0 morningstar
Armour
 c - a +1 buckler (worn)
 h - a +0 cloak of willpower (worn)
 m - a +0 plate armour (worn)
Jewellery
 b - a +4 ring of protection (left hand)
 n - an amulet of reflection
 q - an amulet of guardian spirit (around neck)
 u - a +6 ring of intelligence
 y - a ring of magical power
 z - an amulet of magic regeneration
Wands
 g - a wand of iceblast (5)
 i - a wand of mindburst (10)
 r - a wand of flame (26)
Scrolls
 e - a scroll of teleportation
 f - 3 scrolls of enchant armour
 l - 2 scrolls of fear
 s - a scroll of poison
 v - 4 scrolls of enchant weapon
 x - 2 scrolls of identify
Potions
 d - 2 potions of might
 j - 2 potions of brilliance
 k - 4 potions of heal wounds
 o - 7 potions of curing
 t - a potion of invisibility
 B - a potion of haste
 C - a potion of cancellation


   Skills:
 + Level 7.1 Fighting
 + Level 9.1 Axes
 + Level 6.8 Armour
 + Level 7.4 Shields
 * Level 4.1 Invocations
 * Level 5.8 Evocations


You had 9 spell levels left.
You didn't know any spells.
Your spell library contained the following spells:

 Spells                   Type           Power      Damage    Failure   Level
 Beastly Appendage        Tmut           0%         N/A       100%        1
 Sting                    Tmut/Pois      0%         1d3       100%        1
 Poisonous Vapours        Pois/Air       0%         N/A       100%        2
 Wereblood                Tmut           0%         N/A       100%        2
 Frozen Ramparts          Ice            0%         1d1       100%        3
 Spider Form              Tmut/Pois      0%         N/A       100%        3
 Ice Form                 Ice/Tmut       0%         N/A       100%        4
 Leda's Liquefaction      Hex/Erth       0%         N/A       100%        4
 Olgreb's Toxic Radiance  Pois           0%         N/A       100%        4
 Lee's Rapid Deconstruct  Erth           0%         3d4*      100%        5
 Summon Ice Beast         Ice/Summ       Unusable   N/A       N/A         4
 Statue Form              Tmut/Erth      Unusable   N/A       N/A         6

Dungeon Overview and Level Annotations

Branches:
Dungeon (9/15)             Temple (1/1) D:7
   Lair: D:8-11         Orc: D:9-12

Altars:
Ashenzari
Cheibriados
Dithmenos
Elyvilon
Fedhas
Gozag
Hepliaklqana
Kikubaaqudgha
Makhleb
Nemelex Xobeh
Okawaru
Qazlal
Uskayaw
Vehumet
Wu Jian
Xom
Yredelemnul
Zin
The Shining One

Shops:
D:1 :([   D:2 (   D:5 (


Innate Abilities, Weirdness & Mutations

You are immune to sickness and miasma.
Your stone body is resilient. (AC +7)
You are immune to poison.
You resist negative energy. (rN+)
You are resistant to electric shocks. (rElec)
You are resistant to unholy torment.
You are immune to petrification.


Message History

You hit the centaur warrior. You drain the centaur warrior.
The centaur warrior hits you but does no damage.
The centaur warrior kicks you but does no damage.
The centaur warrior hits you but does no damage.
The centaur warrior kicks you but does no damage.
The tengu warrior hits you with a +3 long sword.
You block the tengu warrior's attack.
The tengu warrior claws you but does no damage.
The tengu warrior blocks your attack.
The tengu warrior is heavily wounded.
You slash the centaur warrior!
You feel better.
You kill the centaur warrior!
Okawaru is honoured by your kill.
Okawaru will now gift you throwing weapons as you gain piety.
You block the tengu warrior's attack. x2
The tengu warrior claws you but does no damage.
Your Invocations skill increases to level 4!
You miss the tengu warrior.
The tengu warrior is heavily wounded.
The tengu warrior hits you but does no damage.
The tengu warrior pecks you. The tengu warrior barely misses you.
You hit the tengu warrior but do no damage.
The tengu warrior is heavily wounded.
The tengu warrior barely misses you. You block the tengu warrior's attack.
The tengu warrior barely misses you.
You hit the tengu warrior.
The tengu warrior suddenly seems more agile.
The tengu warrior is heavily wounded.
The tengu warrior hits you with a +3 long sword.
You block the tengu warrior's attack.
The tengu warrior claws you but does no damage.
You miss the tengu warrior.
The tengu warrior is heavily wounded.
The tengu warrior hits you but does no damage.
You block the tengu warrior's attack. The tengu warrior claws you.
You hit the tengu warrior but do no damage.
The tengu warrior seems to grow stronger.
The tengu warrior is heavily wounded.
The tengu warrior hits you with a +3 long sword!!
You die...

#..............#..##....~~~~≈~~.#
.#####.######....####...~#####~.#
.# ##.....##...####....~#...#~..
.# #..###.....####.....~#.∩..~).
.# ##.## ###....##......~#...#~..
.###..# #.............≈#####~..
#.##..## ##....[..#####.≈~~~~~~..
###....###........## #.........#
##....##.....Q@).## #....#..##.
###........##..>[..###.......#..
##.........###...##..#...........
#..#.......###...###.....###..##.
###.##..........## ##....###.####
##.###..........#####...###..# #
#.## ##.....#...............## #
#.## #........###..#....##..# ##
##.## ##.....### #..#....##..###.


You could see a tengu warrior (strong, agile, poisoned).

Vanquished Creatures
  A centaur warrior (D:8)
  An ugly thing (D:8)
  Maggie (D:7)
  A troll (D:8)
  2 wyverns
  Menkaure (D:6)
  2 acid dragons (D:8)
  3 orc warriors (D:8)
  3 sky beasts
  2 ice beasts
  2 black bears
  3 centaurs
  A kobold brigand (D:7)
  2 phantoms (D:5)
  Blork the orc (D:5)
  3 bullfrogs (D:6)
  3 scorpions
  12 wights
  A killer bee (D:7)
  4 howler monkeys
  2 vampire bats (D:7)
  2 hounds
  2 jellies
  4 orc priests
  A gnoll bouda (D:8)
  4 iguanas
  2 sleepcaps
  13 orc wizards
  3 gnolls (D:8)
  6 adders
  3 shadow imps
  2 white imps (D:6)
  2 ufetubi
  A worm (D:3)
  4 dart slugs
  24 orcs
  6 ball pythons
  3 bat skeletons (D:7)
  3 bat zombies (D:7)
  3 endoplasms
  A giant cockroach (D:4)
  13 goblins
  6 hobgoblins
  2 jackals (D:5)
  3 quokkas
  6 bats
  2 frilled lizards (D:2)
  8 kobolds
  4 rats (D:1)
184 creatures vanquished.

Vanquished Creatures (others)
  A sky beast (D:7)
  17 plants (D:6)
18 creatures vanquished.

Grand Total: 202 creatures vanquished

Notes
Turn   | Place    | Note
-------+----------+-------------------------------------------
     0 | D:1      | bande the Gargoyle Fighter began the quest for the Orb.
     0 | D:1      | Reached XP level 1. HP: 14/14 MP: 1/1
   152 | D:1      | Found Anoett's Antique Weapon Boutique.
   159 | D:1      | Reached skill level 2 in Axes
   167 | D:1      | Reached XP level 2. HP: 17/19 MP: 2/2
   180 | D:1      | Found Bytufor's Book Shoppe.
   201 | D:1      | Found Onuilad's Armour Shoppe.
   730 | D:1      | Reached XP level 3. HP: 24/24 MP: 3/3
  1327 | D:2      | Found Uzukk's Antique Weapon Shoppe.
  1912 | D:3      | Found a hide-covered altar of Uskayaw.
  1916 | D:3      | Found a snail-covered altar of Cheibriados.
  1936 | D:3      | Reached XP level 4. HP: 29/29 MP: 4/4
  2490 | D:4      | Reached skill level 3 in Axes
  2584 | D:4      | Noticed a scorpion
  2592 | D:4      | Killed a scorpion
  2593 | D:4      | Reached XP level 5. HP: 28/33 MP: 5/5
  2600 | D:4      | Reached skill level 1 in Evocations
  2854 | D:1      | Bought a +0 cloak of willpower for 161 gold pieces
  3205 | D:5      | Entered Level 5 of the Dungeon
  3212 | D:5      | Reached XP level 6. HP: 39/39 MP: 6/6
  3261 | D:5      | Noticed Blork the orc
  3273 | D:5      | Killed Blork the orc
  3274 | D:5      | Reached skill level 4 in Axes
  3487 | D:5      | Reached XP level 7. HP: 44/44 MP: 7/7
  3530 | D:5      | Found a radiant altar of Vehumet.
  3803 | D:5      | Reached skill level 5 in Axes
  3890 | D:5      | Found Eloesa's Antique Weapon Shoppe.
  3932 | D:6      | Found a hazy altar of Hepliaklqana.
  4036 | D:6      | Noticed Menkaure
  4047 | D:6      | Killed Menkaure
  4048 | D:6      | Reached skill level 5 in Fighting
  4048 | D:6      | Reached XP level 8. HP: 38/49 MP: 8/8
  4340 | D:6      | Reached skill level 6 in Axes
  4404 | D:6      | Reached skill level 5 in Shields
  4508 | D:6      | Found a blossoming altar of Fedhas.
  4739 | D:7      | Noticed a wyvern
  4776 | D:6      | Killed a wyvern
  4777 | D:6      | Reached skill level 7 in Axes
  4777 | D:6      | Reached skill level 5 in Armour
  4777 | D:6      | Reached XP level 9. HP: 22/55 MP: 9/9
  6013 | D:7      | Found a staircase to the Ecumenical Temple.
  6023 | Temple   | Entered the Ecumenical Temple
  6032 | Temple   | Became a worshipper of Warmaster Okawaru
  6142 | D:7      | Reached skill level 1 in Invocations
  6371 | D:7      | Reached skill level 8 in Axes
  6393 | D:7      | Noticed Maggie
  6416 | D:7      | Killed Maggie
  6416 | D:7      | Reached * piety under Okawaru
  6417 | D:7      | Reached skill level 5 in Evocations
  6417 | D:7      | Reached XP level 10. HP: 44/61 MP: 11/11
  6608 | D:7      | Found a glowing silver altar of Zin.
  6857 | D:7      | Found an ancient bone altar of Kikubaaqudgha.
  7372 | D:8      | Reached ** piety under Okawaru
  8646 | D:9      | Noticed a centaur warrior
  8646 | D:9      | Noticed a centaur warrior
  8647 | D:9      | Noticed a deep elf pyromancer
  8648 | D:9      | Noticed a purple ugly thing
  8648 | D:9      | Noticed a tengu warrior
  8649 | D:9      | Noticed a red ugly thing
  8649 | D:9      | Noticed a manticore
  8649 | D:9      | Noticed a skeletal warrior
  8711 | D:9      | Noticed a five-headed hydra
  9091 | D:8      | Killed a purple ugly thing
  9092 | D:8      | Reached skill level 9 in Axes
  9295 | D:8      | Killed a centaur warrior
  9295 | D:8      | Reached *** piety under Okawaru
  9300 | D:8      | Slain by a tengu warrior

Illustrated notes

Levels and vault maps discovered:
D:1:      lightli_arrival_isolated_outpost, layout_basic, serial_corexii_hall,
          corexii_hall_statues_i, corexii_hall_statues_x,
          chequers_hall_statues_y, corexii_hall_statues_x, serial_shops, shop,
          nicolae_lakefront_shop, shop
D:2:      layout_loops_ring, serial_shops, shop
D:3:      layout_loops_ring, minitemple, kennysheep_boxes
D:4:      layout_rooms, grunt_ministairs_10
D:5:      layout_rooms, nicolae_overflow_crystal_walls, serial_shops,
          nicolae_shop_behind_doors, serial_corexii_hall,
          corexii_hall_statues_deadend, chequers_hall_statues_corner_a,
          corexii_hall_statues_l, chequers_hall_statues_wall_a,
          uniq_blork_the_orc
D:6:      layout_basic, fedhas_altar_fruit_tree,
          nicolae_hepliaklqana_hazy_memory, chequers_serial_rivers_room_a,
          grunt_tough_drop, uniq_menkaure
D:7:      layout_cave_pools, amcnicky_altar_gilded, kennysheep_vampire_church,
          minmay_temple_entry_poolview, chequers_arboretum,
          minmay_joined_circles, uniq_maggie
D:8:      layout_layer_cave, enter_bailey_3
D:9:      layout_gridville, old_standard_altar, nicolae_ru_sacrificial_ziggurat,
          hellmonk_lair_entry_icy, nicolae_specific_store, minivault_28
Temple:   nicolae_temple_no_exploring_needed

Skill      XL: |  1  2  3  4  5  6  7  8  9 10 |
---------------+-------------------------------+-----
Axes           | 2 3 4 5 7 8 9 |  9.1
Fighting       | 4 5 6 7 |  7.1
Evocations     | 1 2 3 5 |  5.8
Armour         | 4 5 6 |  6.8
Shields        | 4 5 6 7 |  7.4
Invocations    | 2 4 |  4.1

Action                     |  1- 3 |  4- 6 |  7- 9 | 10-12 || total
---------------------------+-------+-------+-------+-------++-------
  Melee: War axe           |   107 |    93 |   359 |   183 ||   742
    Use: Scroll            |     8 |     5 |     5 |     2 ||    20
         Potion            |       |       |     1 |     2 ||     3
   Stab: Petrifying        |       |       |       |     2 ||     2
         Paralysed         |       |       |       |     2 ||     2
         Confused          |       |       |       |     1 ||     1
         Petrified         |       |       |       |     1 ||     1
 Armour: Scale mail        |    33 |       |       |       ||    33
         Plate armour      |    36 |   104 |   310 |   194 ||   644
  Dodge: Dodged            |    47 |    30 |    74 |    65 ||   216
  Block: Buckler           |    23 |    43 |   243 |   106 ||   415
         Reflection        |       |       |     4 |       ||     4

Table legend: (Time is in decaauts)
 A = Elapsed time spent in this place.
 B = Non-inter-level travel time spent in this place.
 C = Inter-level travel time spent in this place.
 D = Time resting spent in this place.
 E = Time spent auto-exploring this place.
 F = Levels seen in this place.
 G = Mean time per level.
                   A        B        C        D        E       F      G
               +--------+--------+--------+--------+--------+-----+--------+
         Total |   9490 |   9127 |    363 |   2061 |   5320 |  10 |  949.0 |
       Dungeon |   9469 |   9106 |    363 |   2061 |   5320 |   9 | 1052.1 |
        Temple |     20 |     20 |      0 |      0 |      0 |   1 |   20.0 |
               +--------+--------+--------+--------+--------+-----+--------+

Top non-repeatable levels by time:
     D:8: 2407 daAuts
     D:6: 1968 daAuts
     D:7: 1049 daAuts
     D:1: 1023 daAuts
     D:3: 832 daAuts
     D:5: 764 daAuts
     D:2: 718 daAuts
     D:4: 694 daAuts
  Temple: 20 daAuts
     D:9: 12 daAuts
